 Dungeon Crawl Stone Soup version 0.21-a0-104-g7b58145 (webtiles) character file.

13 Ijustatesigmund the Chucker (level 2, 31/32 HPs)
             Began as an Ogre Hunter on July 5, 2017.
             Quit the game on level 1 of the Dungeon.
             The game lasted 00:01:07 (365 turns).

Ijustatesigmund the Chucker (Ogre Hunter)            Turns: 365, Time: 00:01:07

Health: 31/32      AC:  7    Str: 15    XL:     2   Next: 37%
Magic:  2/2        EV: 10    Int: 12    God:
Gold:   24         SH:  0    Dex: 11    Spells: 1/1 levels left

rFire    . . .     SeeInvis .   a - +0 short sword
rCold    . . .     Gourm    .   (no shield)
rNeg     . . .     Faith    .   b - +0 robe
rPois    +         Spirit   .   (helmet restricted)
rElec    .         Reflect  .   (no cloak)
rCorr    .         Harm     .   (gloves unavailable)
MR       .....                  (boots unavailable)
Stlth    +.........             (no amulet)
HPRegen  0.10/turn              h - +4 ring of protection
MPRegen  0.08/turn              (no ring)

@: no status effects
A: unfitting armour, horns 1, agile 1, blurry vision 1, poison resistance, tough
skin 1
a: no special abilities


You were on level 1 of the Dungeon.
You were not hungry.

You visited 1 branch of the dungeon, and saw 1 of its levels.

You collected 24 gold pieces.

Inventory:

Hand Weapons
 a - a +0 short sword (weapon)
Missiles
 c - 10 large rocks (quivered)
 d - 2 throwing nets
Armour
 b - a +0 robe (worn)
Jewellery
 h - a +4 ring of protection (left hand)
Scrolls
 e - a scroll of immolation {unknown}
 g - a scroll of enchant weapon {unknown}
 i - 2 scrolls of identify
Comestibles
 f - 2 bread rations


   Skills:
 + Level 4.0 Fighting
 - Level 4.0 Throwing
 - Level 1.7 Dodging
 - Level 0.6 Stealth


You had one spell level left.
You didn't know any spells.

Dungeon Overview and Level Annotations

Branches:
Dungeon (1/15)

Altars:
Ashenzari


Innate Abilities, Weirdness & Mutations

You are too large for most types of armour.
You have tough skin. (AC +1)
You have a pair of small horns on your head.
You are agile. (Dex +2)
Scrolls take you a little longer to read.
Your system is resistant to poisons. (rPois)


Message History

No target in view!
No target in view!
No target in view!
No target in view!
No target in view!
No target in view!
No target in view!
No target in view!
No target in view!
No target in view!
No target in view!
No target in view!
No target in view!
As you read the scroll labeled LAAFOI KISTEN, it crumbles to dust.
It is a scroll of identify.
j - a potion of mutation You feel extremely strange.
You feel resistant to poisons. A pair of horns grows on your head!
Your vision blurs.
You feel agile.
Are you sure you want to abandon this character and quit the game? (Confirm with "yes".)

#..###.#
#.#.........##.#.###.#
##.....#
#.#.#######..#.#.# #†#
####.## #....##
#.#..#.###.# #.#
#.....## #.##.#.....'
#.# ..
...####.##.#'##### #.#
.....##.##...# # #.#
#######...# ########
#.# #.....#...# #.#
#..>..'@..+ #.#
#.....##.## #.#
####'### .# #######
#####.###.....# ..
#.....##
..(((....)....#
..##......#
(.###.######+##
.####'###.# ......#
.##.....#.######
.>#####
..+..<..#(...... ..#
#.....##.#####


There were no monsters in sight!

Vanquished Creatures
  2 bats (D:1)
  A giant cockroach (D:1)
  A goblin (D:1)
  A hobgoblin (D:1)
  2 jackals (D:1)
  2 kobolds (D:1)
  A rat (D:1)
10 creatures vanquished.

Notes
Turn   | Place    | Note
-------+----------+-------------------------------------------
     0 | D:1      | Ijustatesigmund the Ogre Hunter began the quest for the Orb.
     0 | D:1      | Reached XP level 1. HP: 22/22 MP: 1/1
    22 | D:1      | Found a shattered altar of Ashenzari.
   234 | D:1      | Reached XP level 2. HP: 32/32 MP: 2/2
   364 | D:1      | Gained mutation: Your system is resistant to poisons. (rPois) [potion of mutation]
   364 | D:1      | Gained mutation: You have a pair of small horns on your head. [potion of mutation]
   364 | D:1      | Gained mutation: Scrolls take you a little longer to read. [potion of mutation]
   364 | D:1      | Gained mutation: You are agile. (Dex +2) [potion of mutation]
   365 | D:1      | Quit the game

Vault maps used:
D:1:      dpeg_arrival_houses_and_road, minmay_misc_feat_more_columns,
          minmay_crystal_water, minmay_misc_feat_encased, ashenzari_altar_1

Skill      XL: |  1  2 |
---------------+-------+-----
Fighting       | 3 4 |  4.0
Throwing       | |  4.0
Dodging        | |  1.7
Stealth        | |  0.6

Action                   || total
-------------------------++-------
Melee: Short sword       ||    15
Throw: Large rock        ||     3
  Use: Scroll            ||     1
       Potion            ||     1
Armor: Robe              ||     8
Dodge: Dodged            ||     8
